 Dungeon Crawl Stone Soup version 0.30.1-11-g7821555f0a (webtiles) character file.

Game seed: 7870221123536405317

9 Chiseanne the Sneak (level 2, 21/21 HPs)
             Began as a Demonspawn Wanderer on Nov 25, 2023.
             Quit the game on level 1 of the Dungeon.
             The game lasted 00:00:49 (123 turns).

Chiseanne the Sneak (Demonspawn Wanderer)            Turns: 123, Time: 00:00:50

Health: 21/21      AC:  2    Str:  8    XL:     2   Next: 3%
Magic:  3/3        EV: 12    Int: 16    God:
Gold:   0          SH:  0    Dex: 13    Spells: 2/3 levels left

rFire   . . .        a - +2 dagger
rCold   . . .        (no shield)
rNeg    . . .        e - +0 robe
rPois   .            (no helmet)
rElec   .            (no cloak)
rCorr   .            (no gloves)
SInv    .            (no boots)
Will    .....        (no amulet)
Stlth   +++          (no ring)
HPRegen 0.23/turn    (no ring)
MPRegen 0.08/turn

%: no passive effects
@: no status effects
A: weakness stinger 1
a: no special abilities


You were on level 1 of the Dungeon.
You visited 1 branch of the dungeon, and saw 1 of its levels.

Inventory:

Hand Weapons
 a - a +2 dagger (weapon)
Armour
 e - a +0 robe (worn)
Scrolls
 f - 2 scrolls of identify {unknown}
Potions
 b - a potion of brilliance
 c - a potion of curing
 d - a potion of lignification


   Skills:
 * Level 1.4 Fighting
 * Level 0.6 Armour
 * Level 1.3 Dodging
 - Level 4.5 Stealth
 - Level 1.0 Spellcasting
 - Level 2.0 Hexes


You had 2 spell levels left.
You knew the following spells:

 Your Spells              Type           Power      Damage    Failure   Level
a - Slow                  Hex            28%        N/A       10%         1

Your spell library contained the following spells:

 Spells                   Type           Power      Damage    Failure   Level
 Inner Flame              Hex/Fire       4%         N/A       41%         3


Dungeon Overview and Level Annotations

Branches:
Dungeon (1/15)

Altars:


Innate Abilities, Weirdness & Mutations

You have a small tail.


Message History

The ball python hisses angrily.
You hit the ball python.
The ball python is severely wounded.
The ball python bites you but does no damage.
The ball python closely misses you.
You closely miss the ball python.
The ball python is severely wounded.
The ball python completely misses you. The ball python grabs you.
The ball python constricts you.
A rat comes into view.
The ball python bites you but does no damage.
The ball python constricts you.
You hit the ball python.
You kill the ball python!
You enter the shallow water.
Moving in this stuff is going to be slow.
The rat completely misses you.
You hit the rat.
You kill the rat!
Your unstable footing causes you to fumble your attack.
Your unstable footing causes you to fumble your attack.
The rat barely misses you.
Your unstable footing causes you to fumble your attack.
The rat splashes around in the water.
You barely miss the rat. Your punch misses the rat.
The rat splashes around in the water.
You closely miss the rat. The rat barely misses you.
You hit the rat.
You kill the rat!
No target in view!
You open the door.
A hobgoblin comes into view.
There is an open door here.
The helpless hobgoblin fails to defend itself.
You puncture the hobgoblin!
You kill the hobgoblin!
You have reached level 2!
Your demonic ancestry asserts itself...
You grow a small tail.
Are you sure you want to abandon this character and quit the game? (Confirm with "yes".)

....~.≈≈~~.....
..P~~≈≈~......
#.P~≈~~~.....
#.~..~~~.....
♣~~~.~.....# ##. #
##.~~†P...... .... ..
#..♣.P...### .....
#..####.....######......
#....#.....'...@†......
####†#†....######......
#....##### .....
#....#### ###. #.......#
####....##.# ........#
.. ........# ..B
......### ..


There were no monsters in sight!

Vanquished Creatures
  2 hobgoblins (D:1)
  A quokka (D:1)
  2 ball pythons (D:1)
  A bat (D:1)
  A frilled lizard (D:1)
  3 rats (D:1)
10 creatures vanquished.

Notes
Turn   | Place    | Note
-------+----------+-------------------------------------------
     0 | D:1      | Chiseanne the Demonspawn Wanderer began the quest for the
                  | Orb.
     0 | D:1      | Chiseanne set off with the following items: a +2 dagger, a
                  | potion of brilliance, a potion of curing, a potion of
                  | lignification, a +0 robe; and the following spell
                  | memorised: Slow; and the following spells available to
                  | memorise: Inner Flame.
     0 | D:1      | Reached XP level 1. HP: 15/15 MP: 2/2
   123 | D:1      | Gained mutation: You have a small tail. [demonic ancestry]
   123 | D:1      | Reached XP level 2. HP: 21/21 MP: 3/3
   123 | D:1      | Quit the game

Illustrated notes

Levels and vault maps discovered:
D:1:      minmay_arrival_jagged, layout_basic, minmay_misc_feat_four_crosses,
          serial_bayou_pond_b, hangedman_decor_opposing

Action                     || total
---------------------------++-------
  Melee: Dagger            ||    26
   Stab: Sleeping          ||     2
 Armour: Robe              ||    11
  Dodge: Dodged            ||    14
